 Dungeon Crawl Stone Soup version 0.23.0 (webtiles) character file.

Game seed: 12376990618849880790

62458 marthius the Warrior (level 14, -12/140 HPs)
             Began as a Minotaur Fighter on Feb 15, 2019.
             Was a High Priest of Makhleb.
             Mangled by a wolf spider (25 damage)
             ... on level 1 of the Spider Nest.
             The game lasted 01:11:43 (20055 turns).

marthius the Warrior (Minotaur Fighter)            Turns: 20055, Time: 01:11:43

Health: -12/140    AC:  0    Str: 21    XL:     14   Next: 64%
Magic:  16/16      EV: 20    Int:  5    God:    Makhleb [*****.]
Gold:   122        SH:  0    Dex: 15    Spells: 13/13 levels left

rFire    . . .     SeeInvis .   (weapon currently unavailable)
rCold    . . .     Gourm    .   (shield currently unavailable)
rNeg     . . .     Faith    .   (armour currently unavailable)
rPois    .         Spirit   .   (helmet currently unavailable)
rElec    .         Reflect  .   (cloak currently unavailable)
rCorr    .         Harm     .   (gloves currently unavailable)
MR       +....                  (boots currently unavailable)
Stlth    +.........             C - amulet of regeneration
HPRegen  0.73/turn              (ring currently unavailable)
MPRegen  0.15/turn              (ring currently unavailable)

@: pig-form, very slightly contaminated, studying Ice Magic, invisible, very
quick
A: small, (retaliatory headbutt)
a: Minor Destruction, Lesser Servant of Makhleb, Major Destruction, Greater
Servant of Makhleb, Renounce Religion


You were on level 1 of the Spider Nest.
You worshipped Makhleb.
Makhleb was extremely pleased with you.
You were not hungry.
You were a filthy swine.
You visited 5 branches of the dungeon, and saw 21 of its levels.
You also visited: Ice Cave.

You collected 1854 gold pieces.
You spent 1732 gold pieces at shops.

Inventory:

Hand Weapons
 r - the +12 scimitar of Yredelemnul's Esteem (melded) {protect, rF+}
   (You acquired it on level 6 of the Dungeon)

   It protects the one who uses it against injury (+AC on strike).
   It protects you from fire.
Missiles
 S - 21 tomahawks (quivered)
Armour
 p - a +2 pair of gloves (melded)
 q - the +7 plate armour of New Discoveries (melded) {+Inv Str-4 Int-2 Dex+9}
   (You bought it in a shop on level 2 of the Orcish Mines)

   It affects your strength (-4).
   It affects your intelligence (-2).
   It affects your dexterity (+9).
   It lets you turn invisible.
 x - a +3 chain mail of fire resistance
 z - a +0 cloak (melded)
 D - a +0 plate armour
 E - a +2 shield (melded)
 F - the +0 hat "Qoset" {rPois rF- rCorr Int-5 SInv}
   (You found it in an ice cave)

   It affects your intelligence (-5).
   It makes you vulnerable to fire.
   It protects you from poison.
   It lets you see invisible.
   It provides partial protection from all sources of acid and corrosion.
Jewellery
 u - a ring of protection from fire (melded)
 y - the ring "Ylung" {Ice rElec MR+ Int+4 Dex-3}
   (You found it on level 3 of the Lair of Beasts)

   [ring of ice]

   It enhances your ice magic.
   It affects your intelligence (+4).
   It affects your dexterity (-3).
   It makes you vulnerable to fire.
   It protects you from cold.
   It insulates you from electricity.
   It affects your resistance to hostile enchantments.
 C - an amulet of regeneration (around neck)
 I - a ring of positive energy (melded)
 U - a cursed +2 ring of intelligence {unknown}
 V - an uncursed amulet of harm {unknown}
 W - an uncursed ring of resist corrosion {unknown}
Wands
 b - a wand of acid (17)
 c - a wand of clouds (6)
 d - a wand of iceblast (43)
 t - a wand of digging (14)
 B - a wand of scattershot (3)
 K - a wand of flame (27)
 L - a wand of enslavement (14)
Scrolls
 a - 3 scrolls of enchant armour {unknown}
 j - 3 scrolls of teleportation
 l - 10 scrolls of remove curse
 o - 2 scrolls of fog
 s - a scroll of brand weapon {unknown}
 w - a scroll of torment {unknown}
 A - a scroll of enchant weapon {unknown}
 G - 2 scrolls of blinking
 H - a scroll of vulnerability {unknown}
 M - 7 scrolls of identify
 O - a scroll of holy word {unknown}
 P - a scroll of fear {unknown}
 Q - 2 scrolls of amnesia
Potions
 g - a potion of haste
 i - 3 potions of cancellation {unknown}
 k - 6 potions of curing
 m - 4 potions of ambrosia
 v - 4 potions of flight
 N - 2 potions of berserk rage
Books
 e - a manual of Ice Magic
Miscellaneous
 R - a phial of floods (inert)
Comestibles
 f - 22 rations


   Skills:
 + Level 17.5 Fighting
 - Level 14.0 Long Blades
 - Level 11.5 Armour
 - Level 8.3 Dodging
 + Level 13.8 Shields
 - Level 3.8 Invocations
 + Level 4.2 Evocations


You had 13 spell levels left.
You didn't know any spells.
Your spell library contained the following spells:

 Spells                   Type           Power        Failure   Level  Hunger
 Confusing Touch          Hex            #.....       47%         1    ##.....
 Corona                   Hex            #......      47%         1    ##.....
 Freeze                   Ice            #...         47%         1    ##.....
 Magic Dart               Conj           #...         47%         1    ##.....
 Ensorcelled Hibernation  Hex/Ice        #.....       63%         2    ###....
 Searing Ray              Conj           #.....       63%         2    ###....
 Throw Frost              Conj/Ice       #.....       63%         2    ###....
 Confuse                  Hex            #.......     85%         3    ####...
 Dazzling Spray           Conj/Hex       #.....       85%         3    ####...
 Gell's Gravitas          Tloc           #.........   85%         3    ####...
 Ozocubu's Armour         Chrm/Ice       #.......     85%         3    ####...
 Tukima's Dance           Hex            #.......     85%         3    ####...
 Force Lance              Conj/Tloc      #.......     99%         4    #####..
 Fulminant Prism          Conj/Hex       #.........   99%         4    #####..
 Iskenderun's Mystic Bla  Conj           #.......     99%         4    #####..
 Petrify                  Tmut/Erth      #.......     99%         4    #####..
 Summon Ice Beast         Ice/Summ       #.......     99%         4    #####..
 Throw Icicle             Conj/Ice       #.......     99%         4    #####..
 Metabolic Englaciation   Hex/Ice        #.........   100%        5    ######.
 Yara's Violent Unravell  Hex/Tmut       #.........   100%        5    ######.


Dungeon Overview and Level Annotations

Branches:
Dungeon (10/15)            Temple (1/1) D:4            Lair (6/6) D:9
 Shoals (0/4) Lair:4       Spider (2/4) Lair:3        Slime (0/5) Lair:5
    Orc (2/2) D:10            Elf (0/3) Orc:2

Altars:
Ashenzari
Dithmenos
Fedhas
Hepliaklqana
Kikubaaqudgha
Makhleb
Okawaru
Qazlal
Sif Muna
Trog
Wu Jian
Yredelemnul
Zin
The Shining One

Shops:
D:6 :   Orc:2 ([:*

Annotations:
D:5 Ijyb
D:6 3 runed translucent doors, Crazy Yiuf; Jaiteiro's ghost, novice OpFi
Spider:2 Kirke


Innate Abilities, Weirdness & Mutations

((You reflexively headbutt those who attack you in melee.))
((You have a pair of horns on your head.))


Message History

There is a stone staircase leading down here.
You feel much better. The wolf spider barely misses you.
The wolf spider bites you!
* * * LOW HITPOINT WARNING * * *
You are poisoned.
The wolf spider poisons you!
A demon appears!
You feel sick. The wolf spider closely misses you.
The wolf spider completely misses you. x2; The wolf spider misses you.
A demon appears!
You feel sick. The wolf spider barely misses you.
The wolf spider completely misses you.
Your neqoxec hits the wolf spider.
You feel sick.
You feel sick. The wolf spider hits you!!
* * * LOW HITPOINT WARNING * * *
The wolf spider closely misses you.
Your neqoxec gestures.
You feel better. The wolf spider completely misses you.
The wolf spider closely misses you.
Your neqoxec hits the wolf spider!
Your ynoxinul gestures.
The wolf spider hits you!!
You die...

#^............#......
#...........#.......#
##..........#........
#.....#...##.......)
##....#..####.......
###....####..#####...
#.##.............##..
#..###..5...#.....###
#...h.35....#..#.....
#....s3..#.^#........
#..####..............
#...........#........
#.....#....^#........
#.....#.....#........
#.....#....##....##..
#..##....###.....####
#........^.#....##...


You could see a wolf spider, a friendly neqoxec, a friendly ynoxinul, a friendly
crimson imp and a friendly ufetubus.

Vanquished Creatures
  An orc warlord (Orc:2)
  A hydra (Lair:6)
  7 death yaks
  A two-headed ogre (D:10)
  2 orc high priests (Orc:2)
  A necromancer (IceCv)
  4 orb spiders (Spider:1)
  5 wolf spiders (Spider:1)
  2 orc knights
  2 orc sorcerers (Orc:2)
  An ice statue (IceCv)
  4 black mambas
  A centaur skeleton (D:10)
  20 spiny frogs
  A torpor snail (Spider:1)
  6 rime drakes
  2 demonic crawlers (Spider:1)
  3 komodo dragons
  10 freezing wraiths (IceCv)
  4 trolls
  A polar bear (Lair:6)
  6 jumping spiders (Spider:1)
  5 tyrant leeches (Lair:6)
  11 hippogriffs
  18 blink frogs
  16 redbacks
  Sigmund (D:5)
  A wyvern (Lair:2)
  A vampire (D:9)
  A basilisk (Lair:4)
  6 tarantellas (Spider:1)
  43 yaks
  5 vampire mosquitoes (Lair:6)
  2 hungry ghosts (D:10)
  A death yak simulacrum (IceCv)
  3 wargs
  7 water moccasins
  An acid dragon (D:10)
  28 orc warriors
  8 ice beasts
  7 porcupines
  4 sky beasts
  3 necrophages (D:8)
  A centaur (D:10)
  An eye of draining (D:10)
  5 ogres
  15 wolves
  14 crocodiles
  Blork the orc (D:5)
  3 big kobolds
  25 bullfrogs
  A wyvern zombie (D:8)
  A water moccasin skeleton (D:5)
  A scorpion (D:9)
  An electric eel (Lair:1)
  2 howler monkeys (D:9)
  A centaur zombie (D:8)
  2 crimson imps
  3 draconian simulacra (IceCv)
  2 hounds
  A bullfrog zombie (D:9)
  13 orc priests
  2 jellies
  A bullfrog skeleton (D:10)
  4 gnoll shamans
  Terence (D:3)
  3 iguanas
  4 orc wizards
  5 worker ants
  2 polar bear simulacra (IceCv)
  3 troll simulacra (IceCv)
  4 spriggan simulacra (IceCv)
  A killer bee zombie (D:8)
  A wolf simulacrum (IceCv)
  4 centaur simulacra (IceCv)
  A hound skeleton (D:7)
  A howler monkey zombie (D:8)
  4 worker ant zombies
  30 gnolls
  2 naga simulacra (IceCv)
  6 adders
  4 ogre simulacra (IceCv)
  3 shadow imps
  12 white imps (IceCv)
  6 oozes
  An adder zombie (D:5)
  A worm (D:4)
  5 dart slugs
  6 leopard geckos
  55 orcs
  2 ball pythons
  2 giant cockroaches (D:3)
  8 goblins
  7 hobgoblins
  8 jackals
  4 quokkas
  8 bats
  10 frilled lizards
  18 kobolds
  A leopard gecko skeleton (D:4)
  A quokka zombie (D:5)
  5 rats
  2 bushes (D:8)
  2 fungi
600 creatures vanquished.

Vanquished Creatures (collateral kills)
  A hydra (Lair:5)
  An orc high priest (Orc:2)
  An orc knight (Orc:1)
  An orb spider (Spider:1)
  3 spiny frogs (Lair:6)
  4 blink frogs
  3 redbacks (Spider:1)
  A yak (Lair:3)
  2 basilisks
  A vampire mosquito (Lair:6)
  A warg (Orc:2)
  3 orc warriors (Orc:2)
  A big kobold (D:10)
  A bullfrog (Lair:3)
  A jelly (Lair:5)
  2 orc wizards (Orc:2)
  A worker ant zombie (D:10)
  An ooze (Lair:5)
  An orc (Orc:2)
  A fungus (Orc:2)
31 creatures vanquished.

Vanquished Creatures (others)
  An orc priest (Orc:1)
  An orc (Orc:1)
  20 fungi
  41 plants
63 creatures vanquished.

Grand Total: 694 creatures vanquished

Notes
Turn   | Place    | Note
-------+----------+-------------------------------------------
     0 | D:1      | marthius the Minotaur Fighter began the quest for the Orb.
     0 | D:1      | Reached XP level 1. HP: 19/19 MP: 0/0
   180 | D:1      | Reached skill level 4 in Fighting
   180 | D:1      | Reached XP level 2. HP: 27/27 MP: 1/1
   708 | D:1      | Reached XP level 3. HP: 26/34 MP: 2/2
  1291 | D:2      | Found a stormy altar of Qazlal.
  1316 | D:2      | Found a shattered altar of Ashenzari.
  1863 | D:3      | Found an iron altar of Okawaru.
  1865 | D:3      | Reached skill level 5 in Fighting
  1865 | D:3      | Reached XP level 4. HP: 42/42 MP: 3/3
  2351 | D:3      | Noticed Terence
  2356 | D:3      | Reached XP level 5. HP: 43/48 MP: 4/4
  2373 | D:3      | Killed Terence
  2373 | D:3      | Reached skill level 5 in Long Blades
  2930 | D:3      | Found an ancient bone altar of Kikubaaqudgha.
  3071 | D:4      | Noticed an ogre
  3083 | D:4      | Killed an ogre
  3083 | D:4      | Reached skill level 6 in Fighting
  3083 | D:4      | Reached XP level 6. HP: 22/58 MP: 5/5
  3383 | D:4      | Found a staircase to the Ecumenical Temple.
  3438 | Temple   | Entered the Ecumenical Temple
  3473 | Temple   | Became a worshipper of Makhleb the Destroyer
  3767 | D:4      | Found a glowing silver altar of Zin.
  3768 | D:4      | Noticed an angel
  4174 | D:5      | Entered Level 5 of the Dungeon
  4193 | D:5      | Noticed Sigmund
  4209 | D:5      | Killed Sigmund
  4209 | D:5      | Reached skill level 7 in Fighting
  4209 | D:5      | Reached XP level 7. HP: 55/66 MP: 6/6
  4322 | D:5      | Found a shadowy altar of Dithmenos.
  4596 | D:5      | Noticed Ijyb
  4749 | D:5      | Found an ornate altar of the Wu Jian Council.
  4774 | D:5      | Found a bloodstained altar of Trog.
  4795 | D:5      | Reached skill level 5 in Armour
  4956 | D:5      | Noticed Blork the orc
  4974 | D:5      | Killed Blork the orc
  5336 | D:6      | Found a runed translucent door.
  5336 | D:6      | Noticed Jaiteiro's ghost (novice OpFi)
  5369 | D:6      | Found a runed translucent door.
  5446 | D:6      | Found Tekyci's Book Shoppe.
  5625 | D:6      | Reached skill level 8 in Fighting
  5757 | D:6      | Found a runed translucent door.
  5758 | D:6      | Noticed Crazy Yiuf
  5869 | D:6      | Reached XP level 8. HP: 70/74 MP: 7/7
  6712 | D:7      | Reached * piety under Makhleb
  6904 | D:7      | Noticed a hippogriff
  6924 | D:6      | Identified a scroll of acquirement
  6927 | D:6      | Got a crude scimitar
  6952 | D:6      | Identified the +12 scimitar of Yredelemnul's Esteem
                  | {protect, rF+} (You acquired it on level 6 of the Dungeon)
  6960 | D:7      | Killed a hippogriff
  7039 | D:7      | Reached skill level 9 in Fighting
  7324 | D:8      | Noticed a hippogriff
  7336 | D:7      | Killed a hippogriff
  7365 | D:8      | Reached XP level 9. HP: 84/84 MP: 8/8
  7369 | D:8      | Reached ** piety under Makhleb
  7485 | D:8      | Found a blossoming altar of Fedhas.
  7580 | D:8      | Found a glowing golden altar of the Shining One.
  7878 | D:8      | Reached skill level 10 in Fighting
  7956 | D:9      | Reached skill level 10 in Long Blades
  8076 | D:9      | Noticed a troll
  8080 | D:9      | Killed a troll
  8112 | D:8      | Reached *** piety under Makhleb
  8181 | D:9      | Found a deep blue altar of Sif Muna.
  8221 | D:9      | Found a hazy altar of Hepliaklqana.
  8227 | D:9      | Found a staircase to the Lair.
  8367 | D:9      | Reached skill level 11 in Fighting
  8367 | D:9      | Reached XP level 10. HP: 94/94 MP: 9/9
  8405 | D:9      | Reached skill level 10 in Armour
  8743 | D:10     | Entered Level 10 of the Dungeon
  8869 | D:10     | Found a basalt altar of Yredelemnul.
  9383 | D:10     | Reached skill level 12 in Fighting
  9501 | D:10     | Noticed a two-headed ogre
  9510 | D:10     | Killed a two-headed ogre
  9711 | D:10     | Reached XP level 11. HP: 104/104 MP: 10/10
  9732 | D:10     | Reached **** piety under Makhleb
  9909 | D:10     | Found a staircase to the Orcish Mines.
 10284 | Lair:1   | Entered Level 1 of the Lair of Beasts
 10559 | Lair:1   | Reached skill level 5 in Shields
 10561 | Lair:1   | Reached skill level 13 in Fighting
 10864 | Lair:1   | Found a frozen archway.
 10883 | IceCv    | Entered an ice cave
 11171 | IceCv    | Found an ancient bone altar of Kikubaaqudgha.
 11183 | IceCv    | Reached ***** piety under Makhleb
 11186 | IceCv    | Reached XP level 12. HP: 89/116 MP: 11/11
 11325 | IceCv    | Reached skill level 14 in Fighting
 11351 | IceCv    | Got a polished hat
 11357 | IceCv    | Identified the +0 hat "Qoset" {rPois rF- rCorr Int-5 SInv}
                  | (You found it in an ice cave)
 11357 | IceCv    | Lost intelligence.
 11913 | Lair:2   | Noticed a death yak
 11914 | Lair:2   | Noticed a death yak
 11919 | Lair:2   | Noticed a death yak
 12111 | Lair:2   | Reached skill level 1 in Invocations
 12256 | Lair:2   | Killed a death yak
 12263 | Lair:2   | Killed a death yak
 12273 | Lair:2   | Killed a death yak
 12829 | Lair:3   | Got a glittering lapis lazuli ring
 12842 | Lair:3   | Identified the ring "Ylung" {Ice rElec MR+ Int+4 Dex-3}
                  | (You found it on level 3 of the Lair of Beasts)
 13034 | Lair:3   | Noticed a death yak
 13034 | Lair:3   | Noticed a death yak
 13034 | Lair:3   | Noticed a death yak
 13060 | Lair:3   | Killed a death yak
 13060 | Lair:3   | Reached skill level 1 in Dodging
 13064 | Lair:3   | Noticed a death yak
 13082 | Lair:3   | Killed a death yak
 13094 | Lair:3   | Killed a death yak
 13094 | Lair:3   | Reached skill level 15 in Fighting
 13094 | Lair:3   | Reached skill level 10 in Shields
 13101 | Lair:3   | Killed a death yak
 13264 | Lair:3   | Found a hole to the Spider Nest.
 13276 | Lair:3   | Reached XP level 13. HP: 84/127 MP: 14/14
 14236 | Lair:4   | Found a staircase to the Shoals.
 14976 | Lair:5   | Found a staircase to the Slime Pits.
 15236 | Lair:5   | Reached skill level 5 in Dodging
 16152 | Lair:6   | Entered Level 6 of the Lair of Beasts
 16375 | Lair:6   | Reached skill level 16 in Fighting
 16797 | Lair:6   | Reached XP level 14. HP: 112/138 MP: 15/15
 17414 | Orc:1    | Entered Level 1 of the Orcish Mines
 17478 | Orc:1    | Reached ****** piety under Makhleb
 17643 | Orc:1    | You fall through a shaft!
 17643 | Orc:2    | Entered Level 2 of the Orcish Mines
 17643 | Orc:2    | Found Piro's Antique Armour Boutique.
 17643 | Orc:2    | Noticed an orc warlord
 17649 | Orc:2    | Found a staircase to the Elven Halls.
 18154 | Orc:2    | Found Wobig's General Store.
 18170 | Orc:2    | Bought a phial of floods for 640 gold pieces
 18298 | Orc:2    | Reached skill level 1 in Evocations
 18604 | Orc:2    | Killed an orc warlord
 18604 | Orc:2    | Reached skill level 17 in Fighting
 18631 | Orc:2    | Found Leoti's Antique Weapon Shop.
 18668 | Orc:2    | Bought an encrusted plate armour for 1092 gold pieces
 18678 | Orc:2    | Identified the +7 plate armour of New Discoveries {+Inv
                  | Str-4 Int-2 Dex+9} (You bought it in a shop on level 2 of
                  | the Orcish Mines)
 18719 | Orc:2    | Found Gadog's Book Boutique.
 19170 | Spider:1 | Entered Level 1 of the Spider Nest
 20021 | Spider:2 | Noticed Kirke
 20027 | Spider:2 | Noticed an emperor scorpion
 20033 | Spider:2 | Noticed a sphinx
 20054 | Spider:1 | HP: 4/140 [wolf spider (19)]
 20055 | Spider:1 | Mangled by a wolf spider

Skill      XL: |  1  2  3  4  5  6  7  8  9 10 11 12 13 14 |
---------------+-------------------------------------------+-----
Fighting       | 4 5 6 7 8 9 11 12 13 15 16 17 | 17.5
Long Blades    | 3 4 5 6 7 9 10 12 13 14 | 14.0
Armour         | 4 5 7 9 11 | 11.5
Shields        | 7 10 12 13 | 13.8
Invocations    | 3 |  3.8
Dodging        | 3 7 8 |  8.3
Evocations     | 4 |  4.2

Action                   |  1- 3 |  4- 6 |  7- 9 | 10-12 | 13-15 || total
-------------------------+-------+-------+-------+-------+-------++-------
Melee: Long sword        |    99 |   127 |   138 |       |       ||   364
       Headbutt          |    14 |    27 |    71 |   148 |   171 ||   431
       Scimitar          |       |       |   188 |   553 |   653 ||  1394
Invok: Lesser Servant of |       |       |       |     7 |    21 ||    28
Evoke: Wand              |       |       |       |       |     2 ||     2
       Phial of floods   |       |       |       |       |     1 ||     1
       Phantom mirror    |       |       |       |       |     1 ||     1
  Use: Potion            |       |     3 |     1 |     9 |     9 ||    22
       Scroll            |       |     5 |    10 |     8 |     2 ||    25
 Stab: Distracted        |       |       |       |     1 |     2 ||     3
       Invisible         |       |       |       |       |     6 ||     6
  Eat: Chunk             |     3 |     3 |    15 |    12 |    14 ||    47
       Ration            |       |     1 |       |     2 |     2 ||     5
Armor: Scale mail        |    43 |    36 |       |       |       ||    79
       Chain mail        |       |    27 |    59 |       |       ||    86
       Plate armour      |       |       |   142 |   265 |   262 ||   669
Dodge: Dodged            |    33 |    37 |    50 |    83 |   223 ||   426
Block: Shield            |    51 |    53 |   187 |   290 |   469 ||  1050
       Rpst.: Long sword |     8 |     5 |     4 |       |       ||    17
       Scimitar          |       |       |     9 |    13 |    40 ||    62
